 Dungeon Crawl Stone Soup version 0.30-a0-618-gd6c86c23d0 (webtiles) character file.

Game seed: 12175047641480753709

6433 funkygono the Thaumaturge (level 10, 0/51 HPs)
             Began as a Deep Elf Fire Elementalist on Jan 9, 2023.
             Was a Priest of Sif Muna.
             Slain by a gnoll sergeant
             ... wielding a +5 trident of venom
              (4 damage)
             ... on level 9 of the Dungeon.
             The game lasted 00:15:49 (9348 turns).

funkygono the Thaumaturge (DEFE)                    Turns: 9348, Time: 00:15:49

Health: 0/51       AC: 11    Str:  5    XL:     10   Next: 67%
Magic:  0/29       EV: 17    Int: 25    God:    Sif Muna [***...]
Gold:   399        SH:  0    Dex: 15    Spells: 26/36 levels left

rFire   . . .      SeeInvis .    K - +3 quarterstaff (chaos)
rCold   . . .      Faith    .    (shield currently unavailable)
rNeg    . . .      Spirit   .    b - +0 troll leather armour
rPois   .          Reflect  .    w - +2 helmet
rElec   .          Harm     .    J - +0 cloak
rCorr   .          Rampage  .    d - +1 pair of gloves
Will    ++...                    C - +0 pair of boots
Stlth   ++                       (no amulet)
HPRegen 0.28/turn                g - ring of willpower
MPRegen 0.21/turn                p - +5 ring of evasion

@: lethally poisoned (0 -> -9)
A: no striking features
a: Renounce Religion, Channel Magic, Forget Spell


You were on level 9 of the Dungeon.
You worshipped Sif Muna.
Sif Muna was most pleased with you.
You visited 2 branches of the dungeon, and saw 12 of its levels.
You also visited: Sewer and Bailey.

You collected 399 gold pieces.

Inventory:

Hand Weapons
 f - a +0 short sword
 q - a +2 dagger of electrocution
 v - a +2 dagger of flaming
 B - a +1 dagger of speed
 K - a +3 quarterstaff of chaos (weapon)
Armour
 a - a +0 robe
 b - a +0 troll leather armour (worn)
 d - a +1 pair of gloves (worn)
 w - a +2 helmet (worn)
 C - a +0 pair of boots (worn)
 E - +0 swamp dragon scales
 J - a +0 cloak (worn)
Magical Staves
 n - a staff of death
Jewellery
 c - a +6 ring of dexterity
 g - a ring of willpower (left hand)
 p - a +5 ring of evasion (right hand)
Wands
 G - a wand of mindburst (9)
Scrolls
 h - 5 scrolls of teleportation
 j - a scroll of blinking
 l - a scroll of immolation
 m - a scroll of fog
 A - a scroll of vulnerability {unknown}
Potions
 e - 2 potions of lignification
 i - 2 potions of invisibility
 k - a potion of attraction
 o - 2 potions of mutation
 s - 6 potions of curing
 t - a potion of berserk rage
 u - a potion of haste {unknown}
 x - a potion of resistance {unknown}
 z - a potion of brilliance {unknown}
 D - a potion of experience {unknown}
Miscellaneous
 r - a lightning rod (4/4)
 y - a piece from Xom's chessboard (15/15)


   Skills:
 + Level 0.4 Fighting
 + Level 4.5 Dodging
 - Level 2.4 Stealth
 + Level 13.8 Spellcasting
 + Level 8.4 Conjurations
 + Level 10.7 Fire Magic


You had 26 spell levels left.
You knew the following spells:

 Your Spells              Type           Power      Damage    Failure   Level
a - Foxfire               Conj/Fire      100%       2x1d9     1%          1
b - Scorch                Fire           100%       2d10      1%          2
c - Kindle Blastsparks    Fire/Tloc/Air  70%        2d15      3%          3
d - Flame Wave            Conj/Fire      60%        2d14      1%          4

Your spell library contained the following spells:

 Spells                   Type           Power      Damage    Failure   Level
 Inner Flame              Hex/Fire       44%        N/A       1%          3
 Dazzling Flash           Conj/Hex       76%        N/A       3%          3
 Iskenderun's Mystic Bla  Conj/Tloc      38%        2d9       10%         4
 Gell's Gravitas          Tloc           17%        N/A       17%         3
 Lesser Beckoning         Tloc           34%        N/A       17%         3
 Teleport Other           Tloc           17%        N/A       17%         3
 Starburst                Conj/Fire      30%        6d9       17%         6


Dungeon Overview and Level Annotations

Branches:
Dungeon (11/15)            Temple (1/1) D:5           Sewer (visited)
 Bailey (visited)
   Lair: D:8-11         Orc: D:9-12

Altars:
Ashenzari
Cheibriados
Elyvilon
Fedhas
Gozag
Hepliaklqana
Kikubaaqudgha
Makhleb
Nemelex Xobeh
Okawaru
Qazlal
Ru
Sif Muna
Trog
Uskayaw
Vehumet
Wu Jian
Xom
Zin
The Shining One

Shops:
D:6 ?


Message History

Sif Muna accepts your kill. The gnoll hits you with a +0 flail!
You hit the gnoll.
You kill the gnoll!
Sif Muna accepts your kill. The gnoll hits you with a +0 spear.
There is a stone staircase leading down, spattered with blood here.
Things that are here:
a +0 flail; a gnoll corpse; a yak corpse
Casting: Flame Wave (dangerous; 1% risk of failure)
Confirm with . or Enter, or press ? or * to list all spells.
Casting: Flame Wave (dangerous; 1% risk of failure)
Press: ? - help, Dir - look around, f - activate A wave of flame ripples out!
The flame wave engulfs the gnoll!
The gnoll is severely wounded. (Press . to intensify the flame waves.)
The gnoll sergeant hits you from afar with a +5 trident of venom!
* * * LOW HITPOINT WARNING * * *
You are lethally poisoned!
The gnoll hits you but does no damage.
Unknown command.
A wave of flame ripples out!
The flame wave engulfs the gnoll!
You kill the gnoll!
Sif Muna accepts your kill.
The flame wave engulfs the gnoll!!
You kill the gnoll!
Sif Muna accepts your kill.
The flame wave engulfs the gnoll sergeant.
The gnoll sergeant is lightly wounded.
* * * LOW HITPOINT WARNING * * *
You feel very sick.
The gnoll sergeant hits you but does no damage.
Without enough magic to sustain them, the waves of flame dissipate.
* * * LOW HITPOINT WARNING * * *
You feel very sick. The gnoll sergeant closely misses you.
* * * LOW HITPOINT WARNING * * *
You feel very sick.
The gnoll sergeant hits you with a +5 trident of venom.
You die...

. . .(
..#############...
..................
......)†).........
......g@>††.......
#####..###########
#.. #.. #.. ...
.... #...


You could see a gnoll sergeant.

Vanquished Creatures
  An orc knight (Bailey)
  An orc sorcerer (Bailey)
  Maggie (D:7)
  A troll (D:9)
  Prince Ribbit (D:7)
  A shadow (D:10)
  A wyvern (D:6)
  4 yaks (D:9)
  4 water moccasins
  4 orc warriors
  A black bear (D:6)
  2 ice beasts (D:6)
  3 sky beasts
  An ogre (D:6)
  A centaur (D:9)
  A phantom (D:5)
  2 kobold brigands
  2 bullfrogs (Sewer)
  2 gnoll sergeants
  A scorpion (D:5)
  12 killer bees
  3 electric eels
  5 howler monkeys (D:7)
  2 hounds
  A gnoll bouda (D:6)
  5 orc priests
  Crazy Yiuf (D:7)
  A jelly (D:7)
  4 iguanas
  10 orc wizards
  Robin (D:3)
  23 gnolls
  8 adders
  A river rat (D:3)
  A shadow imp (D:5)
  An ufetubus (D:6)
  3 worms
  3 dart slugs
  30 orcs
  10 ball pythons
  5 bats
  16 endoplasms
  11 giant cockroaches
  21 goblins
  15 hobgoblins
  18 kobolds
  11 quokkas
  11 frilled lizards
  7 rats
275 creatures vanquished.

Vanquished Creatures (collateral kills)
  A foxfire (D:7)
1 creature vanquished.

Vanquished Creatures (others)
  1012 foxfires
  3 plants (D:7)
1015 creatures vanquished.

Grand Total: 1291 creatures vanquished

Notes
Turn   | Place    | Note
-------+----------+-------------------------------------------
     0 | D:1      | funkygono the Deep Elf Fire Elementalist began the quest
                  | for the Orb.
     0 | D:1      | Reached XP level 1. HP: 10/10 MP: 6/6
   262 | D:1      | Reached XP level 2. HP: 15/15 MP: 2/8
   534 | D:1      | Learned a level 2 spell: Scorch
   625 | D:1      | Found a faded altar of an unknown god.
   713 | D:1      | Reached XP level 3. HP: 13/19 MP: 7/10
   717 | D:1      | Learned a level 3 spell: Kindle Blastsparks
   991 | D:2      | Reached skill level 4 in Spellcasting
  1447 | D:2      | Reached XP level 4. HP: 22/24 MP: 8/12
  1860 | D:3      | Noticed Robin
  1870 | D:3      | Killed Robin
  2000 | D:3      | Found a glowing drain.
  2008 | D:3      | Reached skill level 5 in Spellcasting
  2077 | Sewer    | Entered a sewer
  2107 | Sewer    | Reached XP level 5. HP: 28/28 MP: 11/14
  2125 | Sewer    | Learned a level 4 spell: Flame Wave
  2665 | Sewer    | Reached skill level 6 in Spellcasting
  2667 | Sewer    | Reached skill level 5 in Fire Magic
  2667 | Sewer    | Reached XP level 6. HP: 5/32 MP: 10/17
  3760 | D:4      | Reached XP level 7. HP: 32/36 MP: 4/19
  4287 | D:5      | Entered Level 5 of the Dungeon
  4318 | D:5      | Reached skill level 7 in Spellcasting
  4555 | D:5      | Found a staircase to the Ecumenical Temple.
  4564 | Temple   | Entered the Ecumenical Temple
  4767 | Temple   | Became a worshipper of Sif Muna the Loreminder
  5608 | D:6      | Reached skill level 8 in Spellcasting
  5745 | D:6      | Reached XP level 8. HP: 41/41 MP: 14/22
  5829 | D:6      | Reached * piety under Sif Muna
  5991 | D:6      | Found Monixugg's Magic Scroll Shop.
  6018 | D:6      | Reached skill level 9 in Spellcasting
  6018 | D:6      | Reached skill level 5 in Conjurations
  6075 | D:6      | Identified the +1 chain mail of Ignis, Holding {Int+3}
  6437 | D:6      | Reached skill level 10 in Spellcasting
  6858 | D:7      | Reached XP level 9. HP: 45/45 MP: 12/25
  6918 | D:7      | Reached ** piety under Sif Muna
  6946 | D:6      | Reached skill level 11 in Spellcasting
  7093 | D:7      | Noticed Maggie
  7105 | D:7      | Killed Maggie
  7268 | D:7      | Noticed Prince Ribbit
  7274 | D:7      | Killed Prince Ribbit
  7736 | D:7      | Found a runed translucent door.
  7737 | D:7      | Noticed Crazy Yiuf
  8072 | D:7      | Killed Crazy Yiuf
  8130 | D:8      | Reached skill level 12 in Spellcasting
  8320 | D:8      | You fall into a shaft and drop 3 floors!
  8443 | D:10     | Entered Level 10 of the Dungeon
  8488 | D:10     | Reached XP level 10. HP: 50/50 MP: 7/28
  8608 | D:10     | Found a flagged portal.
  8616 | Bailey   | Entered a bailey
  8737 | Bailey   | Reached *** piety under Sif Muna
  8832 | Bailey   | Noticed an orc sorcerer
  8843 | Bailey   | Killed an orc sorcerer
  8844 | Bailey   | Reached skill level 10 in Fire Magic
  9016 | Bailey   | Noticed an orc knight
  9028 | Bailey   | Killed an orc knight
  9029 | Bailey   | Reached skill level 13 in Spellcasting
  9049 | Bailey   | Noticed an orange demon
  9054 | Bailey   | HP: 1/50 [orange demon[a kobold demonologist] (3)]
  9348 | D:9      | Slain by a gnoll sergeant

Illustrated notes

Levels and vault maps discovered:
D:1:      dpeg_arrival_rooms_a, layout_rooms,
          hellmonk_ecumenical_altar_slurped_away, minivault_11
D:2:      layout_rooms
D:3:      layout_rooms, portal_sewer_entry_b, amcnicky_mini_pool_small,
          minivault_27, uniq_robin
D:4:      layout_basic
D:5:      nicolae_cairo_tiling_large_dashed, layout_gridville,
          minmay_temple_entry_large_hall, hellmonk_bongcloud_opening,
          chequers_serial_rivers_micro_c
D:6:      layout_gridville, serial_shops, nicolae_diamond_shop
D:7:      layout_cave_pools, chequers_big_river, hex_medium,
          grunt_decor_resistance, uniq_crazy_yiuf_cottage, uniq_maggie,
          uniq_prince_ribbit1
D:8:      layout_rooms, serial_shops, nicolae_lakefront_shop, hex_large
D:9:      layout_long_grid, lemuel_zombie_altar_yredelemnul
D:10:     minmay_the_grid_triangle_9x9_recursive_2
          [minmay_the_grid_triangle_9x9_prize_schism,
          minmay_the_grid_triangle_9x9_pentomino_pain,
          minmay_the_grid_triangle_9x9_tough_junction,
          minmay_the_grid_triangle_9x9_longest], layout_loops_ring,
          grunt_dithmenos_shadows, enter_bailey_3
D:11:     layout_irregular_city, erik_lair_orcish_takeover,
          nemelex_altar_shiori, uniq_harold
Temple:   mainiacjoe_temple_cubbyholes

Skill      XL: |  1  2  3  4  5  6  7  8  9 10 |
---------------+-------------------------------+-----
Fire Magic     | 4 5 6 8 9 10 | 10.7
Spellcasting   | 4 5 6 8 10 12 13 | 13.8
Conjurations   | 2 3 4 5 7 8 |  8.4
Dodging        | 3 4 |  4.5
Fighting       | |  0.4
Stealth        | |  2.4

Action                   |  1- 3 |  4- 6 |  7- 9 | 10-12 || total
-------------------------+-------+-------+-------+-------++-------
Melee: Staff             |       |     2 |       |       ||     2
       Quarterstaff      |       |       |       |     3 ||     3
 Cast: Foxfire           |    83 |   153 |   273 |    78 ||   587
       Scorch            |     4 |    12 |    51 |    20 ||    87
       Flame Wave        |       |       |     3 |     5 ||     8
  Use: Scroll            |       |       |    17 |       ||    17
       Potion            |       |       |     1 |     2 ||     3
Armor: Robe              |     2 |     4 |    12 |     1 ||    19
       Troll leather arm |       |       |       |     3 ||     3
Dodge: Dodged            |    11 |    19 |    41 |    33 ||   104

Table legend: (Time is in decaauts)
 A = Elapsed time spent in this place.
 B = Non-inter-level travel time spent in this place.
 C = Inter-level travel time spent in this place.
 D = Time resting spent in this place.
 E = Time spent auto-exploring this place.
 F = Levels seen in this place.
 G = Mean time per level.
                   A        B        C        D        E       F      G
               +--------+--------+--------+--------+--------+-----+--------+
         Total |   9434 |   9207 |    227 |    495 |   6937 |  14 |  673.9 |
       Dungeon |   7802 |   7628 |    174 |    451 |   5823 |  11 |  709.3 |
        Temple |    353 |    300 |     53 |      0 |    292 |   1 |  353.0 |
         Sewer |    776 |    776 |      0 |      0 |    588 |   1 |  776.0 |
        Bailey |    502 |    502 |      0 |     44 |    234 |   1 |  502.0 |
               +--------+--------+--------+--------+--------+-----+--------+

Top non-repeatable levels by time:
     D:6: 1367 daAuts
     D:7: 1139 daAuts
     D:4: 1032 daAuts
     D:5: 990 daAuts
     D:3: 942 daAuts
     D:1: 835 daAuts
   Sewer: 776 daAuts
     D:2: 762 daAuts
  Bailey: 502 daAuts
    D:10: 358 daAuts
  Temple: 353 daAuts
     D:8: 194 daAuts
    D:11: 122 daAuts
     D:9: 55 daAuts
